 Dungeon Crawl Stone Soup version 0.29.0-4-gdea44cf6ec (webtiles) character file.

Game seed: 10956365565552689359

501 qw the Chopper (level 7, 0/44 HPs)
             Began as a Gargoyle Fighter on Sept 6, 2022.
             Was an Initiate of Okawaru.
             Slain by an ice beast (5 damage)
             ... on level 4 of the Dungeon.
             The game lasted 00:01:37 (4535 turns).

qw the Chopper (Gargoyle Fighter)                   Turns: 4535, Time: 00:01:38

Health: 0/44       AC: 13    Str: 22    XL:     7   Next: 17%
Magic:  7/7        EV:  8    Int:  8    God:    Okawaru [......]
Gold:   171        SH:  5    Dex: 15    Spells: 6/6 levels left

rFire   . . .      SeeInvis .   Y - +0 war axe
rCold   . . .      Faith    .   c - +0 buckler
rNeg    + . .      Spirit   .   g - +0 chain mail
rPois   inf        Reflect  .   (no helmet)
rElec   +          Harm     .   (no cloak)
rCorr   .          Rampage  .   (no gloves)
Will    .....                   (no boots)
Stlth   ..........              (no amulet)
HPRegen 0.14/turn               f - +6 ring of dexterity
MPRegen 0.10/turn               (no ring)

@: no status effects
A: sickness immunity, AC +4, negative energy resistance 1, electricity
resistance, torment resistance 1, petrification resistance
a: Renounce Religion


You were on level 4 of the Dungeon.
You worshipped Okawaru.
Okawaru was noncommittal.
You visited 2 branches of the dungeon, and saw 5 of its levels.

You collected 171 gold pieces.


Innate Abilities, Weirdness & Mutations

You are immune to sickness and miasma.
Your stone body is resilient. (AC +4)
You are immune to poison.
You resist negative energy. (rN+)
You are resistant to electric shocks. (rElec)
You are resistant to unholy torment.
You are immune to petrification.


   Skills:
 - Level 4.4 Fighting
 + Level 6.2 Axes
 - Level 3.2 Armour
 - Level 1.2 Dodging
 - Level 3.2 Shields


You had 6 spell levels left.
You didn't know any spells.
Your spell library was empty.

Inventory:

Hand Weapons
 h - a +0 flail
 Y - a +0 war axe (weapon)
Armour
 b - a +0 plate armour
 c - a +0 buckler (worn)
 g - a +0 chain mail (worn)
Jewellery
 f - a +6 ring of dexterity (left hand)
Scrolls
 a - a scroll of identify
 j - a scroll of fog {unknown}
Potions
 d - 4 potions of might
 e - 2 potions of attraction
 i - 6 potions of curing
 m - a potion of ambrosia {unknown}
 n - a potion of flight {unknown}

Dungeon Overview and Level Annotations

Branches:
Dungeon (4/15)             Temple (1/1) D:4

Altars:
Dithmenos
Gozag
Okawaru
Qazlal
Uskayaw
Xom
Yredelemnul
The Shining One
Jiyva

Annotations:
D:4 3 runed translucent doors, qw's ghost, amateur BaCK


Message History

Okawaru accepts your kill.
You slash the jackal!
You kill the jackal!
Okawaru accepts your kill. The ice beast hits you. The ice beast freezes you!
The ice beast hits you but does no damage.
You hit the ice beast.
The ice beast is moderately wounded.
A hound comes into view.
The ice beast barely misses you.
The hound moves out of view.
You hit the ice beast.
The ice beast is heavily wounded.
The ice beast hits you but does no damage.
The quokka twitches its whiskers.
You closely miss the ice beast.
The ice beast is heavily wounded.
You closely miss the quokka. The ice beast closely misses you.
The quokka bites you but does no damage.
The ice beast hits you. The ice beast freezes you!
You slash the ice beast!
The ice beast is almost dead.
You closely miss the quokka. The quokka closely misses you.
The quokka bites you but does no damage.
The ice beast hits you but does no damage.
You completely miss the ice beast.
The ice beast is almost dead.
You slash the quokka!
You kill the quokka!
Okawaru accepts your kill.
You completely miss the endoplasm. You block the ice beast's attack.
The endoplasm freezes you.
You are frozen.
You hit the ice beast.
The ice beast is almost dead.
You hit the endoplasm. The ice beast hits you. The ice beast freezes you.
You die...

#..# .. #..# #..
#..#.... ... #..#..# #..
##..... #.. .W..# #.#
##Y#.# #.########.@).##
# #.##.....%)%J..# #
#.##.#####...#...(# #
##.##.######.#...#.#
#####..................#
........................
.......##.#####....>.>..
.....#.##.# ##.......
####...##.# #....>


You could see an ice beast, a phantom and an endoplasm.

Vanquished Creatures
  A phantom (D:3)
  2 scorpions (D:4)
  A jelly (D:4)
  2 orc priests
  A hound (D:4)
  6 adders
  3 gnolls (D:2)
  3 worms
  3 dart slugs
  10 orcs
  5 bats
  6 endoplasms
  2 giant cockroaches (D:1)
  2 hobgoblins
  4 jackals (D:4)
  4 quokkas
  11 ball pythons
  3 frilled lizards
  9 goblins
  9 kobolds
  4 rats
91 creatures vanquished.

Notes
Turn   | Place    | Note
-------+----------+-------------------------------------------
     0 | D:1      | qw the Gargoyle Fighter began the quest for the Orb.
     0 | D:1      | Reached XP level 1. HP: 14/14 MP: 1/1
     0 | D:1      | 0 ||| qw: Version: 0.1-a-108-g9e35731
     0 | D:1      | 0 ||| qw: Game counter: 6348
     0 | D:1      | 0 ||| qw: Always use a shield: true
     0 | D:1      | 0 ||| qw: God list: Okawaru
     0 | D:1      | 0 ||| qw: Allow faded altars: false
     0 | D:1      | 0 ||| qw: Do Orc after D:15 true
     0 | D:1      | 0 ||| qw: Do second Lair branch before Depths: true
     0 | D:1      | 0 ||| qw: Lair rune preference: random
     0 | D:1      | 0 ||| qw: Plans: Normal, Zot, God:TSO, Crypt, Tomb, Zig,
                  | Orb
     0 | D:1      | 0 ||| PLANNING D:1-11
    32 | D:1      | Reached skill level 2 in Axes
   154 | D:1      | Reached XP level 2. HP: 19/19 MP: 2/2
   410 | D:1      | Reached skill level 3 in Axes
   562 | D:1      | Reached XP level 3. HP: 6/23 MP: 3/3
   812 | D:1      | 812 ||| Stepping ~*~*~tactically~*~*~ (stealth).
  1543 | D:1      | 1543 ||| READING 3 scrolls labelled QESCHU CUFAN.
  1544 | D:1      | 1544 ||| READING 2 scrolls labelled WABI ASETUXT.
  1548 | D:1      | 1548 ||| DRINKING 3 clear potions.
  1549 | D:1      | 1549 ||| READING 2 scrolls of identify.
  1549 | D:1      | 1549 ||| IDENTIFYING emerald potion
  1572 | D:2      | Found a faded altar of an unknown god.
  1761 | D:2      | 1761 ||| DROPPING +0 club.
  1880 | D:2      | Reached XP level 4. HP: 28/28 MP: 4/4
  2103 | D:2      | 2103 ||| Stepping ~*~*~tactically~*~*~ (hiding).
  2113 | D:2      | Reached skill level 4 in Axes
  2156 | D:2      | HP: 6/28 [gnoll/+0 club (6)]
  2157 | D:2      | 2157 ||| READING scroll of teleportation.
  2480 | D:2      | Found a basalt altar of Yredelemnul.
  2553 | D:2      | 2553 ||| Stepping ~*~*~tactically~*~*~ (stealth).
  2554 | D:2      | 2554 ||| Stepping ~*~*~tactically~*~*~ (stealth).
  2693 | D:2      | Reached XP level 5. HP: 32/32 MP: 5/5
  2712 | D:2      | 2712 ||| UPGRADING to +6 ring of dexterity.
  2713 | D:2      | 2713 ||| READING scroll labelled QOLUCU NIPROI.
  2714 | D:2      | 2714 ||| READING scroll labelled WEINEB KENU.
  2754 | D:3      | 2754 ||| Stepping ~*~*~tactically~*~*~ (stealth).
  2755 | D:3      | 2755 ||| Stepping ~*~*~tactically~*~*~ (stealth).
  2757 | D:3      | 2757 ||| Stepping ~*~*~tactically~*~*~ (hiding).
  2769 | D:3      | Reached skill level 1 in Dodging
  2893 | D:3      | 2893 ||| Stepping ~*~*~tactically~*~*~ (stealth).
  2905 | D:3      | 2905 ||| DROPPING +0 whip.
  2922 | D:3      | 2922 ||| Stepping ~*~*~tactically~*~*~ (stealth).
  2954 | D:3      | Noticed a phantom
  2970 | D:3      | Killed a phantom
  2971 | D:3      | Reached skill level 5 in Axes
  2971 | D:3      | Reached XP level 6. HP: 20/37 MP: 6/6
  3527 | D:3      | 3527 ||| UPGRADING to +0 chain mail.
  3537 | D:3      | 3537 ||| DROPPING +0 scale mail.
  3538 | D:3      | 3538 ||| READING 2 scrolls labelled YHEOHU AGEFFOU.
  3595 | D:3      | 3595 ||| DRINKING 2 puce potions.
  3596 | D:3      | 3596 ||| READING 2 scrolls of identify.
  3596 | D:3      | 3596 ||| IDENTIFYING silvery potion
  3597 | D:3      | 3597 ||| DROPPING potion of berserk rage.
  3598 | D:3      | 3598 ||| DROPPING scroll of torment.
  3599 | D:3      | 3599 ||| DROPPING potion of magic.
  3615 | D:4      | 3615 ||| Stepping ~*~*~tactically~*~*~ (stealth).
  3668 | D:4      | 3668 ||| FLEEEEING.
  3669 | D:4      | 3669 ||| FLEEEEING.
  3670 | D:4      | 3670 ||| STAIRDANCE
  3861 | D:4      | Found a staircase to the Ecumenical Temple.
  3862 | D:4      | 3862 ||| PLANNING TEMPLE
  3870 | Temple   | Entered the Ecumenical Temple
  3895 | Temple   | Became a worshipper of Warmaster Okawaru
  3984 | Temple   | 3984 ||| PLANNING D:1-11
  4027 | D:4      | 4027 ||| Stepping ~*~*~tactically~*~*~ (stealth).
  4222 | D:4      | Found a runed translucent gate.
  4222 | D:4      | Found a runed translucent gate.
  4222 | D:4      | Found a runed translucent gate.
  4226 | D:4      | Found an opulent altar of Gozag.
  4227 | D:4      | Noticed qw's ghost (amateur BaCK)
  4245 | D:4      | 4245 ||| Stepping ~*~*~tactically~*~*~ (hiding).
  4253 | D:4      | Reached XP level 7. HP: 20/44 MP: 7/7
  4454 | D:4      | Reached skill level 6 in Axes
  4519 | D:4      | 4519 ||| Stepping ~*~*~tactically~*~*~ (stealth).
  4520 | D:4      | 4520 ||| Stepping ~*~*~tactically~*~*~ (stealth).
  4521 | D:4      | 4521 ||| Stepping ~*~*~tactically~*~*~ (stealth).
  4532 | D:4      | HP: 11/44 [ice beast (14)]
  4535 | D:4      | HP: 5/44 [ice beast (3)]
  4535 | D:4      | Slain by an ice beast

Levels and vault maps discovered:
D:1:      dpeg_arrival_shrine, layout_basic, minmay_close_crescents
D:2:      minmay_kobold_bridge, layout_basic, basic_altar,
          ebering_ecumenical_altar_ruins
D:3:      layout_basic
D:4:      layout_loops_ring, lemuel_temple_firewalk_a, ebering_ghost_gozag,
          minmay_bent
Temple:   pf_slime_end_temple

Skill      XL: |  1  2  3  4  5  6  7 |
---------------+----------------------+-----
Axes           | 2 3 4 5 6 |  6.2
Dodging        | 1 |  1.2
Fighting       | 4 |  4.4
Armour         | |  3.2
Shields        | |  3.2

Action                   |  1- 3 |  4- 6 |  7- 9 || total
-------------------------+-------+-------+-------++-------
Melee: War axe           |    87 |   132 |    33 ||   252
Throw: Boomerang         |       |     5 |       ||     5
  Use: Scroll            |     3 |     5 |       ||     8
       Potion            |     1 |     1 |       ||     2
Armor: Scale mail        |    42 |    42 |       ||    84
       Chain mail        |       |    16 |    30 ||    46
Dodge: Dodged            |    34 |    48 |    16 ||    98
Block: Buckler           |    12 |    28 |     9 ||    49

Table legend:
 A = Non-vault XP
 B = Vault XP
 C = Vault XP percentage of total XP
 D = Non-vault monster count
 E = Vault monster count
 F = Vault count percentage of total count
                 A         B        C        D         E       F
            +---------+---------+-------+---------+---------+-------
      Total |     647 |      69 |   9.6 |      76 |      15 |  16.5
            +---------+---------+-------+---------+---------+-------
        D:1 |      43 |       7 |  14.0 |      24 |       4 |  14.3
        D:2 |     120 |       8 |   6.2 |      19 |       4 |  17.4
        D:3 |     175 |       0 |   0.0 |      14 |       0 |   0.0
        D:4 |     309 |      54 |  14.9 |      19 |       7 |  26.9
            +---------+---------+-------+---------+---------+-------
